 Dungeon Crawl Stone Soup version 0.30-a0-989-g0d87f670db (webtiles) character file.

Game seed: 9950010062505534564

75 mopl the Slasher (level 4, -7/35 HPs)
             Began as a Merfolk Fighter on Apr 3, 2023.
             Mangled by a gnoll
             ... wielding a +0 halberd
              (13 damage)
             ... on level 2 of the Dungeon.
             The game lasted 00:01:45 (1298 turns).

mopl the Slasher (Merfolk Fighter)                  Turns: 1298, Time: 00:01:46

Health: -7/35      AC:  9    Str: 18    XL:     4   Next: 31%
Magic:  4/4        EV:  6    Int:  7    God:
Gold:   191        SH:  4    Dex: 13    Spells: 3/3 levels left

rFire   . . .      SeeInvis .    a - +0 long sword
rCold   . . .      Faith    .    c - +0 buckler
rNeg    . . .      Spirit   .    n - +0 chain mail
rPois   .          Reflect  .    (no helmet)
rElec   .          Rampage  .    (no cloak)
rCorr   +                        m - +0 pair of gloves
Will    .....                    (no boots) Stlth
                                 (no amulet)
HPRegen 0.25/turn                i - ring of resist corrosion
MPRegen 0.09/turn                (no ring)

@: no status effects
A: (nimble swimmer 2), mertail
a: no special abilities


You were on level 2 of the Dungeon.
You visited 1 branch of the dungeon, and saw 3 of its levels.

You collected 191 gold pieces.

Inventory:

Hand Weapons
 a - a +0 long sword (weapon)
Armour
 c - a +0 buckler (worn)
 m - a +0 pair of gloves (worn)
 n - a +0 chain mail (worn)
Jewellery
 i - a ring of resist corrosion (left hand)
Scrolls
 f - a scroll of amnesia {unknown}
 h - a scroll of magic mapping {unknown}
 j - 2 scrolls of blinking {unknown}
 k - 2 scrolls of vulnerability {unknown}
 l - 2 scrolls of identify {unknown}
 p - a scroll of silence {unknown}
Potions
 b - a potion of curing {unknown}
 d - a potion of might
 e - 3 potions of heal wounds {unknown}
 g - a potion of attraction {unknown}
 o - a potion of lignification {unknown}


   Skills:
 - Level 3.2 Fighting
 + Level 5.4 Long Blades
 - Level 2.1 Armour
 - Level 3.0 Shields


You had 3 spell levels left.
You didn't know any spells.
Your spell library contained the following spells:

 Spells                   Type           Power      Damage    Failure   Level
 Necrotise                Necr           0%         1d4       100%        1
 Vampiric Draining        Necr           0%         2d6       100%        3
 Agony                    Necr           0%         N/A       100%        5


Dungeon Overview and Level Annotations

Branches:
Dungeon (3/15)

Altars:

Shops:
D:1 *


Innate Abilities, Weirdness & Mutations

((You are very nimble when in or above water. (Stealth+, EV+, Speed+++)))
Your lower body shifts to a powerful aquatic tail in water.


Message History

You are too injured to fight recklessly!
You are too injured to fight recklessly!
You are too injured to fight recklessly!
You are too injured to fight recklessly!
You are too injured to fight recklessly!
You are too injured to fight recklessly!
Unknown command.
There is a stone staircase leading up here.
The gnoll hits you but does no damage.
You climb upwards.
There is a stone staircase leading down here.
You start resting.
HP restored.
You climb downwards.
There is a stone staircase leading up here.
The gnoll hits you from afar with a +0 halberd.
You climb upwards.
There is a stone staircase leading down here.
You climb downwards.
The gnoll hits you from afar with a +0 halberd.
There is a stone staircase leading up here.
The gnoll barely misses you.
There is a stone staircase leading up here.
The gnoll completely misses you.
You climb upwards.
There is a stone staircase leading down here.
You hit the gnoll but do no damage. The gnoll hits you with a +0 halberd!
You hit the gnoll but do no damage. The gnoll hits you with a +0 halberd.
You barely miss the gnoll. The gnoll hits you with a +0 halberd!
You are too injured to fight recklessly!
You hit the gnoll but do no damage. The gnoll closely misses you.
You closely miss the gnoll. The gnoll hits you with a +0 halberd!
* * * LOW HITPOINT WARNING * * *
You hit the gnoll.
The gnoll is lightly wounded.
The gnoll hits you but does no damage. The gnoll closely misses you.
You hit the gnoll.
The gnoll is moderately wounded.
The gnoll hits you with a +0 halberd!
You die...

.........# ........## ########
.........# ########......#
.........# ##.....#.......#
.........# ##..............#
.........# #...............#
.........# #...............#
.........## ####................
#...รท..#..####.g@................
###.............#...............#
#.....###..#..###...............#
#.#.###........###...............
#.#.# #........# ##...........#..
#...# #........######........##..
#..## #..).......................
#..####........#.##........#.....
.........................#..<...[


You could see a gnoll.

Vanquished Creatures
  2 adders (D:2)
  A gnoll (D:3)
  A worm (D:2)
  6 ball pythons
  3 endoplasms
  A giant cockroach (D:1)
  7 goblins
  3 hobgoblins
  3 kobolds
  A quokka (D:1)
  4 bats
  7 frilled lizards
  6 rats
45 creatures vanquished.

Notes
Turn   | Place    | Note
-------+----------+-------------------------------------------
     0 | D:1      | mopl the Merfolk Fighter began the quest for the Orb.
     0 | D:1      | Reached XP level 1. HP: 18/18 MP: 1/1
   115 | D:1      | Reached skill level 3 in Long Blades
   133 | D:1      | Found Ekac's Assorted Antiques.
   152 | D:1      | Reached XP level 2. HP: 19/24 MP: 2/2
   339 | D:1      | Reached skill level 4 in Long Blades
   523 | D:1      | Reached XP level 3. HP: 29/29 MP: 3/3
   923 | D:2      | Reached skill level 5 in Long Blades
   946 | D:2      | Reached XP level 4. HP: 32/35 MP: 4/4
  1298 | D:2      | Mangled by a gnoll

Illustrated notes

Levels and vault maps discovered:
D:1:      evilmike_arrival_crescent, layout_loops_ring, serial_rivers,
          chequers_serial_rivers_small_3, chequers_serial_rivers_marsh,
          chequers_serial_rivers_room_a, chequers_serial_rivers_small_3,
          chequers_serial_rivers_room_b, serial_shops, shop
D:2:      layout_rooms, kennysheep_nub
D:3:      layout_basic, hellmonk_okawaru_the_only_friend_you_need,
          nemelex_xobeh_ov_fountains_minmay, old_standard_altar

Skill      XL: |  1  2  3 |
---------------+----------+-----
Long Blades    | 3 4 5 |  5.4
Fighting       | |  3.2
Armour         | |  2.1
Shields        | |  3.0

Action                     |  1- 3 |  4- 6 || total
---------------------------+-------+-------++-------
  Melee: Long sword        |   101 |    34 ||   135
         Tailslap          |     1 |       ||     1
 Armour: Scale mail        |    35 |       ||    35
         Chain mail        |    15 |    22 ||    37
  Dodge: Dodged            |    32 |    17 ||    49
  Block: Buckler           |    25 |     9 ||    34

Table legend: (Time is in decaauts)
 A = Elapsed time spent in this place.
 B = Non-inter-level travel time spent in this place.
 C = Inter-level travel time spent in this place.
 D = Time resting spent in this place.
 E = Time spent auto-exploring this place.
 F = Levels seen in this place.
 G = Mean time per level.
                   A        B        C        D        E       F      G
               +--------+--------+--------+--------+--------+-----+--------+
         Total |   1309 |   1281 |     28 |     75 |    838 |   3 |  436.3 |
       Dungeon |   1309 |   1281 |     28 |     75 |    838 |   3 |  436.3 |
               +--------+--------+--------+--------+--------+-----+--------+

Top non-repeatable levels by time:
     D:1: 653 daAuts
     D:2: 611 daAuts
     D:3: 45 daAuts
